Map: [ESL] Moondance

Players

Cure

  • Race: Terran Terran
  • Spawn Location: 6:00

Lambo - Winner!

  • Race: Zerg Zerg
  • Spawn Location: 12:00

Event: DreamHack SC2 Masters 2022 Atlanta (Offline)

VOD

Have the link to the VOD?

Description

Time

  • Played on: Nov. 18, 2022, 6:17 p.m.
  • Length: 14:53

All games in this series

Show
View Real Time Build Order
Export as new Build Order

Cure Terran 

Build Orders: Reaper Expand 

Get SALT Encoding   

  12  0:00  SCV  
  13  0:12  SCV  
  14  0:16  Supply Depot  
  14  0:24  SCV  
  15  0:38  SCV  
  15  0:40  Barracks  
  16  0:43  Refinery  
  16  0:50  SCV  
  17  1:02  SCV  
  18  1:14  SCV  
  19  1:27  Reaper, Orbital Command  
  20  1:39  Command Center  
  20  1:46  Supply Depot  
  20  1:52  SCV  
  21  1:59  Marine  
  22  2:05  SCV  
  23  2:10  Factory  
  23  2:17  SCV, Marine  
  25  2:25  Refinery  
  25  2:29  SCV  
  26  2:36  Barracks Reactor  
  26  2:41  SCV  
  27  2:51  Command Center  
  27  2:54  Orbital Command  
  27  2:58  SCV  
  28  3:06  Starport  
  28  3:10  SCV  
  29  3:16  Hellion  
  31  3:20  Hellion  
  31  3:22  SCV  
  33  3:27  Barracks Tech Lab  
  33  3:28  SCV  
  33  3:34  SCV  
  33  3:40  SCV  
  35  3:43  Viking  
  35  3:47  Fusion Core  
  37  3:48  SCV  
  37  3:52  SCV  
  39  3:57  Hellion  
  39  3:59  Hellion  
  44  4:02  SCV  
  44  4:04  SCV  
  44  4:08  Orbital Command  
  45  4:13  Barracks Tech Lab  
  45  4:17  SCV x2  
  47  4:30  Orbital Command  
  47  4:31  Supply Depot, SCV x2  
  49  4:34  Marine  
  50  4:41  Hellion x2  
  50  4:42  Battlecruiser  
  50  4:43  SCV  
  61  4:51  Supply Depot  
  61  4:52  SCV, Marine  
  63  4:56  SCV  
  63  4:57  SCV  
  65  5:03  Hellion x2  
  69  5:07  Supply Depot  
  69  5:08  Stimpack  
  69  5:12  SCV x3, Marine  
  73  5:15  Supply Depot  
  73  5:20  Refinery  
  73  5:21  Refinery  
  73  5:24  SCV x3  
  76  5:34  Barracks, Marine  
  76  5:35  Barracks  
  77  5:37  SCV x3, Factory Reactor  
  77  5:38  Supply Depot  
  77  5:41  Supply Depot  
  80  5:49  SCV x3  
  83  5:57  Marine, Starport Reactor  
  83  6:01  SCV x3  
  83  6:03  Engineering Bay  
  87  6:04  Engineering Bay  
  87  6:13  SCV x3  
  90  6:18  Barracks  
  90  6:23  Barracks, Factory Reactor  
  90  6:26  Marine  
  90  6:29  SCV x3  
  94  6:33  Supply Depot  
  94  6:34  Marine x4  
  94  6:35  Medivac x2  
  102  6:43  SCV x3  
  102  6:44  Terran Infantry Weapons Level 1  
  102  6:46  Terran Infantry Armor Level 1  
  102  6:47  Combat Shield  
  94  7:03  Marine x5  
  94  7:05  Medivac x2, Widow Mine x2  
  94  7:07  SCV x2  
  94  7:08  SCV  
  106  7:11  Barracks Tech Lab  
  106  7:12  Barracks Reactor  
  106  7:18  Barracks  
  106  7:19  Barracks  
  106  7:20  Barracks  
  100  7:26  Marine x4  
  100  7:27  Marauder  
  100  7:29  SCV x3  
  109  7:30  Refinery  
  109  7:35  Concussive Shells  
  109  7:41  Marauder  
  111  7:47  Command Center  
  111  7:48  Supply Depot, Armory  
  111  7:54  Supply Depot x2  
  111  7:55  Supply Depot  
  111  8:00  Missile Turret x2  
  111  8:03  Missile Turret  
  105  8:07  Barracks Tech Lab, Marauder, Marine x6  
  105  8:08  Barracks Tech Lab  
  105  8:09  Marine x2  
  113  8:13  Barracks Tech Lab  
  113  8:16  SCV x3  
  113  8:27  Barracks Reactor, Barracks Tech Lab  
  113  8:29  SCV x3  
  116  8:42  SCV x3  
  116  8:43  Terran Infantry Armor Level 2, Terran Infantry Weapons Level 2  
  116  8:47  Supply Depot  
  118  8:50  Missile Turret  
  118  8:51  Marauder x4, Marine x6  
  118  8:52  Missile Turret, Medivac x2  
  118  8:54  Widow Mine  
  138  8:59  Orbital Command  
  138  9:06  Missile Turret  
  138  9:08  Widow Mine  
  140  9:12  Supply Depot, Marauder  
  140  9:13  Marauder, Marine x6  
  140  9:15  Widow Mine  
  152  9:22  Medivac  
  154  9:29  Widow Mine  
  156  9:33  Marauder x2, Marine x4  
  156  9:34  Marauder x2, Marine x3  
  156  9:36  Widow Mine  
  172  9:41  Supply Depot  
  172  9:43  Supply Depot  
  172  9:44  Supply Depot  
  172  9:45  Supply Depot  
  172  9:46  Supply Depot  
  172  9:51  Widow Mine, Marine x5  
  172  9:52  Marine  
  180  10:02  Widow Mine, Marauder  
  180  10:03  Marauder  
  180  10:05  Marine x2  
  180  10:06  Marauder x2  
  189  10:08  Medivac x2  
  189  10:09  Marine x6  
  189  10:12  Missile Turret  
  199  10:23  Marine  
  199  10:28  Command Center  
  200  10:30  Factory  
  188  10:41  Marauder x4, Marine x4  
  195  10:46  Widow Mine x2  
  199  10:55  Marine x2  
  198  11:04  Medivac x2  
  173  11:06  Missile Turret  
  173  11:07  Widow Mine x2  
  164  11:12  Marauder, Marine x5  
  164  11:14  Marine x2  
  164  11:15  Marauder  
  149  11:22  Barracks Tech Lab  
  149  11:24  Barracks Tech Lab  
  149  11:25  Barracks Tech Lab  
  146  11:29  Marine x2  
  146  11:30  Widow Mine x2, Marauder, Marine x2  
  146  11:31  Terran Infantry Weapons Level 3, Terran Infantry Armor Level 3  
  146  11:32  Marine x2  
  156  11:33  Marauder  
  156  11:36  Marauder  
  162  11:40  SCV x4  
  166  11:47  Marine x2  
  166  11:52  Marauder  
  166  11:54  Factory Tech Lab, Marauder x2, Marine x2  
  174  11:55  Medivac x2, Marauder, Widow Mine x2  
  174  11:57  Marauder  
  174  12:00  Refinery  
  184  12:06  Marine x4  
  186  12:13  Marauder  
  186  12:15  Marauder x2  
  188  12:16  Marauder  
  188  12:19  Marauder  
  180  12:24  Marine x5  
  180  12:25  Marine  
  180  12:27  Widow Mine x2  
  180  12:29  Thor  
  192  12:34  Marauder  
  192  12:37  Marauder x2  
  196  12:38  Marauder  
  196  12:40  Marauder  
  196  12:42  Marine x6  
  191  12:47  Medivac  
  191  12:48  Medivac, Widow Mine  
  191  12:49  Widow Mine  
  164  12:53  SCV x4  
  164  12:56  Marauder  
  164  12:58  Marauder x2, Marine  
  174  13:00  Marine x6  
  174  13:01  Marine  
  174  13:05  SCV x3  
  184  13:06  SCV  
  184  13:10  Widow Mine  
  184  13:14  Factory Tech Lab  
  184  13:17  SCV x3, Marauder x2  
  184  13:18  SCV, Missile Turret x2, Marine x3  
  184  13:19  Missile Turret, Marauder  
  192  13:20  Missile Turret  
  175  13:45  Marauder x2, Marine x6  
  175  13:46  Marauder x3  
  175  13:47  Widow Mine x2  
  149  13:54  Medivac x2  
  121  14:03  Marine x6  
  121  14:06  Marine x3  
  121  14:07  Marine  
  108  14:11  Marine  
  95  14:20  Widow Mine  
  95  14:21  Widow Mine, Marine x6  
  100  14:24  Marine  
  100  14:25  Marauder x2  
  100  14:29  Marine x2  
Show
View Real Time Build Order
Export as new Build Order

Lambo Zerg - Winner!

Build Orders: Pool First 

Get SALT Encoding   

  12  0:00  Drone  
  13  0:12  Overlord  
  13  0:16  Drone  
  14  0:30  Drone x2  
  14  0:34  Drone  
  17  0:45  Drone  
  17  0:46  Extractor  
  17  0:49  Spawning Pool  
  16  0:56  Drone  
  17  1:06  Drone  
  18  1:15  Hatchery  
  17  1:19  Drone  
  18  1:35  Queen  
  18  1:36  Zergling x2  
  21  1:41  Overlord  
  21  1:48  Metabolic Boost  
  21  1:51  Drone  
  22  2:07  Drone  
  23  2:11  Queen  
  25  2:17  Zergling x2  
  26  2:23  Hatchery  
  26  2:27  Zergling x2  
  26  2:32  Zergling x2  
  27  2:40  Drone x2  
  28  2:44  Spore Crawler  
  28  2:45  Drone x2  
  30  2:52  Overlord  
  30  2:55  Queen  
  30  2:58  Drone  
  33  3:06  Drone  
  33  3:08  Drone  
  33  3:11  Queen  
  37  3:14  Drone x2  
  37  3:19  Drone  
  41  3:20  Drone  
  41  3:22  Drone  
  41  3:23  Drone  
  42  3:27  Drone  
  43  3:37  Queen, Overlord  
  45  3:44  Queen, Drone  
  48  3:50  Overlord  
  48  3:55  Drone x2  
  50  3:58  Drone x4  
  50  4:00  Queen  
  56  4:03  Drone  
  56  4:08  Overlord  
  58  4:10  Drone x3  
  58  4:12  Drone  
  58  4:14  Drone  
  62  4:18  Queen  
  62  4:19  Drone  
  62  4:22  Overlord  
  65  4:25  Overlord  
  65  4:35  Overlord  
  65  4:40  Queen  
  65  4:41  Lair  
  65  4:43  Zergling x6  
  65  4:45  Drone, Roach Warren  
  70  4:48  Drone x2  
  70  4:49  Drone  
  73  4:53  Drone x4  
  73  4:55  Overlord  
  77  5:00  Queen, Extractor  
  77  5:01  Drone x2  
  80  5:08  Drone x3  
  80  5:09  Drone  
  80  5:12  Spore Crawler  
  80  5:13  Spore Crawler  
  80  5:14  Zergling x2  
  83  5:15  Spore Crawler  
  83  5:17  Zergling x6  
  83  5:20  Drone x2  
  87  5:21  Drone x2  
  87  5:23  Overlord  
  87  5:26  Drone  
  87  5:27  Drone x2  
  92  5:28  Extractor  
  92  5:33  Drone  
  92  5:34  Drone x3  
  92  5:35  Extractor x2  
  94  5:37  Queen  
  95  5:44  Roach, Spire  
  95  5:45  Overlord  
  95  5:46  Drone  
  95  5:47  Extractor  
  96  5:52  Overlord  
  96  5:53  Roach x2  
  96  5:56  Overlord  
  100  5:57  Overlord  
  100  6:08  Drone x7  
  107  6:17  Drone x2  
  108  6:20  Hatchery  
  108  6:23  Drone x2  
  109  6:25  Drone x3  
  109  6:26  Drone  
  109  6:28  Overlord, Evolution Chamber  
  109  6:30  Overlord  
  109  6:32  Overlord  
  111  6:37  Drone x2  
  111  6:39  Overlord  
  115  6:43  Overlord  
  115  6:45  Overlord  
  115  6:46  Overlord  
  114  6:50  Drone x2  
  114  6:55  Evolution Chamber  
  114  6:56  Drone x4  
  114  7:01  Drone x3  
  103  7:16  Mutalisk x8  
  119  7:23  Drone x3  
  119  7:27  Roach x2  
  119  7:29  Zerg Ground Armor Level 1  
  122  7:30  Glial Reconstitution  
  122  7:32  Drone  
  122  7:33  Drone x4  
  122  7:35  Roach  
  129  7:41  Baneling Nest  
  129  7:43  Roach x3  
  134  7:47  Roach x3  
  134  7:50  Overlord  
  140  7:53  Zerg Melee Weapons Level 1  
  142  7:58  Roach x2  
  142  8:00  Overlord  
  142  8:01  Drone  
  142  8:03  Hatchery, Extractor  
  142  8:04  Roach  
  142  8:05  Roach  
  147  8:07  Overlord  
  147  8:08  Zergling x6  
  147  8:12  Overlord  
  150  8:14  Overlord x2  
  150  8:18  Overlord  
  150  8:22  Zergling x2  
  150  8:23  Zergling x12  
  157  8:27  Centrifugal Hooks  
  157  8:29  Drone x4  
  157  8:33  Overlord  
  161  8:37  Drone x2  
  163  8:45  Mutalisk x6  
  163  8:48  Drone x3  
  176  8:52  Extractor  
  175  8:56  Zergling x2  
  175  8:57  Zergling x14  
  175  9:00  Infestation Pit  
  182  9:03  Overseer  
  182  9:04  Zergling x8  
  186  9:11  Baneling x7, Ravager x2  
  186  9:13  Zergling x2  
  186  9:14  Zergling x10  
  194  9:17  Drone x3  
  194  9:20  Zergling x4  
  199  9:25  Overlord  
  199  9:30  Overlord  
  196  9:32  Mutalisk x2  
  198  9:39  Overlord  
  198  9:41  Hive  
  198  9:44  Baneling x8, Pneumatized Carapace  
  197  9:48  Zergling x12  
  197  10:04  Zergling x2  
  197  10:05  Zergling x6  
  199  10:12  Zerg Melee Weapons Level 2, Zerg Ground Armor Level 2  
  198  10:29  Zergling x4  
  198  10:33  Zergling x4, Hatchery  
  197  10:40  Zergling x16  
  199  10:46  Baneling x4, Extractor  
  199  10:47  Baneling x12  
  199  10:49  Zergling x4  
  200  10:56  Overlord  
  193  11:01  Zergling x40  
  197  11:07  Zergling x14  
  197  11:08  Zergling x6  
  177  11:15  Overseer  
  177  11:16  Drone x2  
  177  11:17  Drone x2  
  171  11:19  Mutalisk x6  
  171  11:22  Zerg Flyer Weapons Level 1  
  171  11:23  Overseer  
  181  11:30  Mutalisk  
  181  11:31  Mutalisk x4  
  189  11:41  Zergling x18  
  189  11:45  Baneling x13  
  189  11:46  Baneling x8  
  198  11:48  Hatchery  
  198  11:49  Zergling x4  
  198  11:50  Baneling x4  
  199  12:03  Zergling x4  
  199  12:06  Baneling x11  
  199  12:07  Overlord  
  179  12:23  Zergling x44  
  198  12:34  Zergling x6  
  189  12:44  Zergling x20  
  189  12:46  Zergling x10  
  191  12:55  Adrenal Glands  
  191  12:56  Zergling x10  
  194  13:03  Baneling x13  
  194  13:04  Hatchery  
  193  13:10  Mutalisk x4  
  199  13:12  Hatchery  
  199  13:14  Baneling x9  
  199  13:18  Zergling x2  
  199  13:22  Overlord  
  199  13:24  Overlord  
  199  13:25  Overlord  
  198  13:28  Baneling x3  
  198  13:29  Baneling x3  
  197  13:35  Zergling x2  
  197  13:36  Zergling x8  
  187  13:41  Zergling x24  
  187  13:42  Zergling x4  
  187  13:44  Zergling x2  
  182  13:49  Zergling x2  
  182  13:53  Zergling x6  
  175  13:56  Mutalisk  
  172  14:04  Zergling x14  
  172  14:08  Zergling x2  
  176  14:10  Mutalisk x5  
  176  14:12  Zergling x2  
  181  14:19  Zergling x4  
  181  14:20  Baneling x11  
  183  14:24  Zergling x6  
  183  14:26  Ravager  
  183  14:30  Zergling x2  
  183  14:31  Zergling x6, Baneling x4  
  190  14:34  Ravager x3  
  190  14:36  Zergling x4  
Tags
 
Add a new tag
Caveats
  • Supply blocks, unpowered buildings, or Contaminate may cause inaccurate times.
  • Supply counts are checked every 10 seconds.